 Dungeon Crawl Stone Soup version 0.25.1-2-g60ff931df9 (webtiles) character file.

Game seed: 15225747763978249125

56 lepoulpe303 the Bolt Thrower (level 4, -4/26 HPs)
             Began as a Kobold Arcane Marksman on Aug 11, 2020.
             Killed from afar by a white imp (5 damage)
             ... with a puff of frost
             ... summoned by Natasha
             ... on level 2 of the Dungeon.
             The game lasted 00:06:02 (1926 turns).

lepoulpe303 the Bolt Thrower (KoAM)                 Turns: 1926, Time: 00:06:02

Health: -4/26      AC:  4    Str:  8    XL:     4   Next: 15%
Magic:  1/6        EV: 15    Int: 14    God:
Gold:   123        SH:  0    Dex: 15    Spells: 0/6 levels left

rFire    . . .     SeeInvis .   b - +1 short sword (holy)
rCold    . . .     Gourm    .   (shield restricted)
rNeg     . . .     Faith    .   f - +0 robe
rPois    .         Spirit   .   i - +0 helmet
rElec    .         Reflect  .   (no cloak)
rCorr    .         Harm     .   (no gloves)
MR       .....                  k - +0 pair of boots
Stlth    ++........             (no amulet)
HPRegen  0.08/turn              (no ring)
MPRegen  0.10/turn              (no ring)

@: very slightly contaminated
A: small, carnivore
a: no special abilities


You were on level 2 of the Dungeon.
You were completely stuffed.

You visited 1 branch of the dungeon, and saw 2 of its levels.

You collected 123 gold pieces.

Inventory:

Hand Weapons
 a - a +0 hand crossbow
 b - a +1 short sword of holy wrath (weapon)
Missiles
 Q - 8 bolts
Armour
 f - a +0 robe (worn)
 i - a +0 helmet (worn)
 k - a +0 pair of boots (worn)
Scrolls
 g - 3 scrolls of identify {unknown}
 h - 3 scrolls of enchant armour {unknown}
 j - a scroll of enchant weapon {unknown}
 m - a scroll of immolation {unknown}
 n - a scroll of teleportation {unknown}
 p - a scroll of amnesia {unknown}
Potions
 d - a potion of haste {unknown}
 l - 2 potions of heal wounds {unknown}
 o - a potion of curing {unknown}
Comestibles
 c - 2 chunks of flesh
 e - 2 rations


   Skills:
 * Level 2.2 Fighting
 + Level 1.2 Short Blades
 * Level 3.2 Crossbows
 + Level 2.8 Dodging
 + Level 0.4 Stealth
 + Level 1.5 Spellcasting
 + Level 3.1 Hexes


You couldn't memorise any spells.
You knew the following spells:

 Your Spells              Type           Power        Failure   Level  Hunger
a - Inner Flame           Hex/Fire       #.......     36%         3    ####...
s - Slow                  Hex            #.......     11%         2    ###....
v - Corona                Hex            #......      7%          1    ##.....

Your spell library contained the following spells:

 Spells                   Type           Power        Failure   Level  Hunger
 Portal Projectile        Hex/Tloc       #.....       36%         3    ####...
 Cause Fear               Hex            #.........   56%         4    #####..
 Leda's Liquefaction      Hex/Erth       #.........   78%         4    #####..


Dungeon Overview and Level Annotations

Branches:
Dungeon (2/15)

Altars:

Annotations:
D:2 Natasha


Innate Abilities, Weirdness & Mutations

You are small and have problems with some larger weapons.
You are carnivorous and can eat meat at any time.


Message History

b - a +1 short sword of holy wrath (weapon)
Natasha mumbles some strange words.
Natasha shimmers violently.
Natasha completely misses you. The white imp gestures at you.
The puff of frost hits you!
* * * LOW HITPOINT WARNING * * *
You take 9 damage, and have 6/26 hp.
MASSIVE DAMAGE!!
That item cannot be evoked!
You hit Natasha. Natasha misses you.
The white imp sputters.
The white imp gestures at you. The puff of frost hits you.
* * * LOW HITPOINT WARNING * * *
You take 5 damage, and have 1/26 hp.
Unknown command.
The white imp gestures at you. The puff of frost hits you.
You die...

#.....#.##.######.# #.. .. ..#
#.#...#.##.### #.# #.g#.##..#
#.##.........####.# #........#
.....##.##.......^# #...#
........##...###..##### #h..#
#..#.######.###.......# #...#
#..#.........)........# #...#
.........<..##....h#..####...####
............##..@#.#.....(.......
............##....5g.............
...........###............>|.....
.##........###.#..##.#####...####
.##..........(.#.....# ##.#.##
....#############.#### #.###.#
.##.# #.# ##.#.##
.##.#############.########g..#
........#......##.##........#####


You could see Natasha, a white imp (summoned) and a hobgoblin.

Levels and vault maps discovered:
D:1:      minmay_arrival_split_and_join, layout_loops_cross
D:2:      layout_loops_cross, gammafunk_temple_overflow_elements, uniq_natasha

Notes
Turn   | Place    | Note
-------+----------+-------------------------------------------
     0 | D:1      | lepoulpe303 the Kobold Arcane Marksman began the quest for
                  | the Orb.
     0 | D:1      | Reached XP level 1. HP: 12/12 MP: 2/2
   195 | D:1      | Reached XP level 2. HP: 16/16 MP: 0/3
   450 | D:1      | Identified a +1 short sword of holy wrath
   498 | D:1      | Reached skill level 3 in Crossbows
   511 | D:1      | Identified a +0 helmet (You found it on level 1 of the
                  | Dungeon)
   511 | D:1      | Identified a +0 hand crossbow
   586 | D:1      | Reached XP level 3. HP: 21/21 MP: 5/5
   630 | D:1      | Identified a +0 pair of boots (You found it on level 1 of
                  | the Dungeon)
   758 | D:1      | Identified a +0 dagger of holy wrath
  1037 | D:2      | Reached skill level 2 in Fighting
  1040 | D:2      | Identified a +0 club
  1266 | D:1      | Learned a level 2 spell: Slow
  1383 | D:2      | Identified a +0 short sword
  1385 | D:2      | Reached skill level 1 in Short Blades
  1388 | D:2      | Identified a +0 whip
  1405 | D:2      | HP: 2/21 [worm (10)]
  1639 | D:2      | Identified a +0 club
  1644 | D:2      | Reached XP level 4. HP: 22/26 MP: 6/6
  1650 | D:2      | Learned a level 3 spell: Inner Flame
  1720 | D:2      | Identified a +0 whip
  1903 | D:2      | Noticed Natasha
  1903 | D:2      | Identified a +0 club
  1923 | D:2      | HP: 6/26 [white imp/puff of frost[Natasha] (9)]
  1924 | D:2      | HP: 1/26 [white imp/puff of frost[Natasha] (6)]
  1926 | D:2      | Killed from afar by a white imp

Table legend:
 A = Turns spent in this place as a percentage of turns spent in the entire game.
 B = Non-inter-level travel turns spent in this place as a percentage of non-inter-level travel turns spent in the entire game.
 C = Inter-level travel turns spent in this place as a percentage of turns spent in this place.
 D = Turns resting spent in this place as a percentage of non-inter-level travel turns spent in this place.
 E = Turns spent auto-exploring this place as a percentage of non-inter-level travel turns spent in this place.
 F = Non-inter-level travel turns spent in this place divided by the number of levels of this place that you've seen.
                   A       B       C       D       E      F
               +-------+-------+-------+-------+-------+----------------------
         Total | 100.0 | 100.0 |   3.8 |  27.8 |  48.6 | 926.5
       Dungeon | 100.0 | 100.0 |   3.8 |  27.8 |  48.6 | 926.5
               +-------+-------+-------+-------+-------+----------------------

Table legend:
 A = Kills in this place as a percentage of kills in entire the game.
 B = Kills by you in this place as a percentage of kills by you in the entire game.
 C = Kills by friends in this place as a percentage of kills by friends in the entire game.
 D = Other kills in this place as a percentage of other kills in the entire game.
 E = Experience gained in this place as a percentage of experience gained in the entire game.
 F = Experience gained in this place divided by the number of levels of this place that you have seen.
                   A       B       C       D       E      F
               +-------+-------+-------+-------+-------+----------------------
         Total | 100.0 | 100.0 |   N/A |   N/A | 100.0 |  40.0
       Dungeon | 100.0 | 100.0 |   N/A |   N/A | 100.0 |  40.0
               +-------+-------+-------+-------+-------+----------------------

Skill      XL: |  1  2  3 |
---------------+----------+-----
Crossbows      | 3 |  3.2
Fighting       | 2 |  2.2
Short Blades   | 1 |  1.2
Dodging        | |  2.8
Stealth        | |  0.4
Spellcasting   | |  1.5
Hexes          | |  3.1

Action                   |  1- 3 |  4- 6 || total
-------------------------+-------+-------++-------
Melee: Short sword       |    63 |    13 ||    76
 Fire: Hand crossbow     |    81 |     5 ||    86
 Cast: Corona            |     2 |     1 ||     3
       Slow              |       |     5 ||     5
  Eat: Chunk             |    11 |     1 ||    12
Armor: Robe              |    16 |     1 ||    17
Dodge: Dodged            |   105 |    14 ||   119

Vanquished Creatures
  2 worms (D:2)
  A dart slug (D:1)
  2 leopard geckos
  4 bats
  2 giant cockroaches (D:2)
  4 goblins
  4 hobgoblins (D:2)
  11 jackals
  8 kobolds
  3 rats
41 creatures vanquished.
